 Dungeon Crawl Stone Soup version 0.23-a0-307-gc3b755d (webtiles) character file.

777 iamserjio the Ducker (level 7, 0/42 HPs)
             Began as an Octopode Wanderer on Oct 10, 2018.
             Was a Follower of Hepliaklqana.
             Killed from afar by Blork the orc (11 damage)
             ... with a puff of frost
             ... on level 5 of the Dungeon.
             The game lasted 00:20:14 (5867 turns).

iamserjio the Ducker (Octopode Wanderer)            Turns: 5867, Time: 00:20:15

Health: 0/42       AC:  1    Str: 11    XL:     7   Next: 84%
Magic:  10/10      EV: 15    Int: 17    God:    Hepliaklqana [*.....]
Gold:   208        SH:  0    Dex: 11    Spells: 2/10 levels left

rFire    . . .     SeeInvis .   y - +0 trident
rCold    . . .     Gourm    .   (no shield)
rNeg     + . .     Faith    .   (helmet restricted)
rPois    .         Spirit   .   (no amulet)
rElec    .         Reflect  .   t - ring of stealth
rCorr    .         Harm     .   x - ring of positive energy
MR       .....                  (no ring)
Stlth    +++.......             (no ring)
HPRegen  0.14/turn              (no ring)
MPRegen  0.12/turn              (no ring)
                                (no ring)
                                (no ring)

@: no status effects
A: almost no armour, stealthy swim, amphibious, 8 rings, constrict 8, reduced
essence, camouflage 1, gelatinous body 1
a: Recall Ancestor, Ancestor Identity, Renounce Religion


You were on level 5 of the Dungeon.
You worshipped Hepliaklqana.
Hepliaklqana was aware of your devotion.
You were not hungry.

You visited 2 branches of the dungeon, and saw 6 of its levels.

You collected 208 gold pieces.

Inventory:

Hand Weapons
 d - a +0 club
 k - a +0 short sword
 l - a +2 dagger of freezing
 v - a +0 flail
 w - a +0 rapier
 y - a +0 trident (weapon)
 C - a +0 dagger of protection
Missiles
 b - 35 poisoned needles
 e - 100 stones (quivered)
 n - 21 sling bullets
 u - 2 javelins of penetration
 F - 6 arrows
Jewellery
 t - a ring of stealth (left tentacle)
 x - a ring of positive energy (right tentacle)
Wands
 B - a wand of flame (25)
Scrolls
 c - 2 scrolls of remove curse {@r2}
 j - a scroll of magic mapping {unknown}
 m - 2 scrolls of amnesia {unknown}
 o - a scroll of blinking {unknown}
 p - 2 scrolls of fog {unknown}
 r - a scroll of immolation {unknown}
 s - a scroll of fear {unknown}
 z - a scroll of enchant armour {unknown}
Potions
 a - a potion of curing {@q1}
 g - a potion of cancellation
 h - 3 potions of berserk rage
 i - a potion of lignification {unknown}
 q - a potion of might {unknown}
 A - 2 potions of resistance {unknown}
 D - a potion of flight {unknown}
 G - a potion of magic {unknown}
Comestibles
 f - 3 rations
 E - 2 chunks of flesh


   Skills:
 + Level 3.8 Fighting
 - Level 0.1 Short Blades
 - Level 2.0 Polearms
 - Level 1.0 Throwing
 * Level 5.7 Dodging
 - Level 2.0 Spellcasting
 - Level 1.0 Conjurations
 - Level 4.0 Summonings
 - Level 2.0 Transmutations
   Level 1.0 Fire Magic
 - Level 1.1 Evocations


You had 2 spell levels left.
You knew the following spells:

 Your Spells              Type           Power        Failure   Level  Hunger
a - Magic Dart            Conj           #...         13%         1    #......
b - Call Canine Familiar  Summ           ###.....     11%         3    ###....
c - Blink                 Tloc           N/A          28%         2    ###....
d - Sticks to Snakes      Tmut           #.......     13%         2    ###....

Your spell library contained the following spells:

 Spells                   Type           Power        Failure   Level  Hunger
 Summon Butterflies       Summ           ###.....     3%          1    #......
 Call Imp                 Summ           ###.....     5%          2    ###....
 Corona                   Hex            #......      19%         1    #......
 Passwall                 Tmut/Erth      #.......     19%         2    ###....
 Ensorcelled Hibernation  Hex/Ice        #.....       28%         2    ###....
 Slow                     Hex            #.......     28%         2    ###....
 Conjure Flame            Conj/Fire      #.......     36%         3    ###....
 Dazzling Spray           Conj/Hex       #.....       43%         3    ###....
 Mephitic Cloud           Conj/Pois/Air  #.......     45%         3    ###....
 Confuse                  Hex            #.......     50%         3    ###....
 Tukima's Dance           Hex            #.......     50%         3    ###....


Dungeon Overview and Level Annotations

Branches:
Dungeon (5/15)             Temple (1/1) D:4

Altars:
Ashenzari
Cheibriados
Dithmenos
Elyvilon
Fedhas
Gozag
Hepliaklqana
Kikubaaqudgha
Makhleb
Okawaru
Qazlal
Ru
Sif Muna
Trog
Uskayaw
Vehumet
Wu Jian
Xom
Yredelemnul
Zin
The Shining One

Shops:
D:4 }

Annotations:
D:5 Blork the orc, Ijyb, Menkaure


Innate Abilities, Weirdness & Mutations

You cannot wear most types of armour.
You are very stealthy in the water. (Stealth+)
You are amphibious.
You can wear up to eight rings at the same time.
You can use your tentacles to constrict eight enemies at once.
Your skin changes colour to match your surroundings (Stealth+).
Your rubbery body absorbs attacks. (AC +1, EV +1)
Your life essence is reduced to manifest your ancestor. (-10% HP)


Message History

You reach to attack!
The helpless worm fails to defend itself.
You puncture the worm!
Attack whom?
Aim: a worm (heavily wounded)
You reach to attack!
You hit the worm.
Don Pedro hits the worm.
You strike the helpless worm from behind!
You hit the worm. Your grab misses the worm. You squeeze the worm.
You kill the worm!
You open the door.
Blork the orc comes into view.
He is wielding a glaive.
Found a ring mail.
There is an open door here.
A centaur comes into view.
The centaur shouts!
Blork the orc shouts!
The centaur wields a shortbow.
The centaur shoots an arrow.
The arrow hits you!
* * * LOW HITPOINT WARNING * * *
Blork the orc points at you and mumbles some strange words.
The puff of frost hits you!
You die...

##+## # ##...## #c
##..†..## #..
##.......##
##...####.........#
#.o...@R'......^..+
##...####.........#
#[.. ##[......##
#.# ##.....## #
##...## ##'## #.#
#.# ########.##


You could see the friendly Don Pedro the ancestor, Blork the orc and a centaur.

Vanquished Creatures
  An ogre (D:4)
  A centaur (D:5)
  A hound (D:5)
  3 bullfrog skeletons
  A worker ant (D:4)
  2 adders (D:2)
  A gnoll (D:1)
  A howler monkey skeleton (D:2)
  3 worms
  A dart slug (D:2)
  3 leopard geckos
  An orc (D:3)
  A ball python (D:4)
  3 giant cockroaches
  5 goblins
  2 hobgoblins
  7 jackals (D:3)
  6 kobolds
  4 quokkas
  5 bats
  7 frilled lizards
  A quokka skeleton (D:4)
  7 rats
67 creatures vanquished.

Vanquished Creatures (collateral kills)
  Edmund (D:4)
  A phantom (D:4)
  A centaur (D:5)
  A howler monkey (D:5)
  An orc wizard (D:4)
  Jessica (D:3)
  Terence (D:2)
  A worker ant (D:4)
  A howler monkey zombie (D:5)
  An adder (D:3)
  2 orcs (D:4)
  A frilled lizard (D:4)
13 creatures vanquished.

Vanquished Creatures (others)
  An ancestor (D:5)
1 creature vanquished.

Grand Total: 81 creatures vanquished

Notes
Turn   | Place    | Note
-------+----------+-------------------------------------------
     0 | D:1      | iamserjio the Octopode Wanderer began the quest for the
                  | Orb.
     0 | D:1      | iamserjio set off with: a +0 club, a ration
     0 | D:1      | Reached XP level 1. HP: 11/11 MP: 3/3
     2 | D:1      | Learned a level 1 spell: Magic Dart
   450 | D:1      | Reached skill level 1 in Fighting
   450 | D:1      | Reached XP level 2. HP: 13/18 MP: 0/5
   547 | D:1      | Reached skill level 1 in Dodging
   859 | D:1      | Reached XP level 3. HP: 24/24 MP: 0/6
   994 | D:1      | Learned a level 3 spell: Call Canine Familiar
  1129 | D:2      | Noticed Terence
  1597 | D:2      | Reached XP level 4. HP: 28/29 MP: 7/7
  1656 | D:2      | Reached skill level 2 in Dodging
  2232 | D:2      | Killed Terence
  2463 | D:2      | Found a hide-covered altar of Uskayaw.
  2659 | D:2      | Learned a level 2 spell: Blink
  3125 | D:3      | Noticed Jessica
  3132 | D:3      | Killed Jessica
  3132 | D:3      | Reached XP level 5. HP: 16/34 MP: 4/8
  3696 | D:4      | Noticed Edmund
  3708 | D:4      | Noticed an ogre
  3718 | D:4      | Killed an ogre
  3718 | D:4      | Reached skill level 1 in Polearms
  3766 | D:4      | Reached XP level 6. HP: 10/39 MP: 5/9
  4039 | D:4      | Found a staircase to the Ecumenical Temple.
  4048 | Temple   | Entered the Ecumenical Temple
  4087 | Temple   | Became a worshipper of Hepliaklqana the Forgotten
  4120 | D:4      | Reached skill level 3 in Dodging
  4621 | D:4      | Noticed a phantom
  4679 | D:4      | Killed a phantom
  4679 | D:4      | Reached skill level 4 in Dodging
  4843 | D:4      | Found a bloodstained altar of Trog.
  5096 | D:4      | Found Fiureler's Gadget Emporium.
  5315 | D:4      | Killed Edmund
  5315 | D:4      | Reached XP level 7. HP: 9/41 MP: 8/10
  5611 | D:5      | Entered Level 5 of the Dungeon
  5619 | D:5      | Reached skill level 5 in Dodging
  5701 | D:5      | Noticed Menkaure
  5757 | D:5      | Learned a level 2 spell: Sticks to Snakes
  5797 | D:5      | Noticed Ijyb
  5828 | D:5      | Reached * piety under Hepliaklqana
  5864 | D:5      | Noticed Blork the orc
  5867 | D:5      | Killed from afar by Blork the orc

Vault maps used:
D:1:      lemuel_arrival_funnel, hangedman_decor_points
D:2:      lemuel_coloured_pillars_altar, minivault_24, uniq_terence
D:3:      first_ration, grunt_ministairs_12, uniq_jessica
D:4:      minmay_temple_entry_overgrown, serial_shops,
          nicolae_shop_temple_entry_statues_fountains, bloody_trog, uniq_edmund
D:5:      lightli_sewer_entry_pipes, uniq_blork_the_orc,
          uniq_crazy_yiuf_cottage, uniq_ijyb, uniq_menkaure, uniq_sigmund
Temple:   nicolae_temple_the_god_donut

Skill      XL: |  1  2  3  4  5  6  7 |
---------------+----------------------+-----
Fighting       | 1 2 3 |  3.8
Dodging        | 1 2 4 5 |  5.7
Summonings     | 3 4 |  4.0
Polearms       | 2 |  2.0
Short Blades   | |  0.1
Throwing       | |  1.0
Spellcasting   | |  2.0
Conjurations   | |  1.0
Transmutations | |  2.0
Fire Magic     | |  1.0
Evocations     | |  1.1

Action                   |  1- 3 |  4- 6 |  7- 9 || total
-------------------------+-------+-------+-------++-------
Melee: Club              |     5 |       |       ||     5
       Constrict         |     9 |    24 |     5 ||    38
       Short sword       |    33 |    19 |       ||    52
       Tentacles         |     3 |    18 |     6 ||    27
       Dagger            |       |    20 |       ||    20
       Trident           |       |    72 |    34 ||   106
 Cast: Magic Dart        |    37 |    14 |       ||    51
       Call Canine Famil |       |     9 |     1 ||    10
Invok: Recall Ancestor   |       |     1 |       ||     1
       Ancestor Identity |       |       |     1 ||     1
  Use: Scroll            |       |     4 |       ||     4
       Potion            |       |       |     1 ||     1
 Stab: Sleeping          |     2 |     7 |     4 ||    13
       Distracted        |       |       |     2 ||     2
  Eat: Chunk             |     3 |    10 |     1 ||    14
       Ration            |       |     1 |       ||     1
Armor: Skin              |     6 |     6 |       ||    12
Dodge: Dodged            |    20 |    60 |    22 ||   102

Table legend:
 A = Non-vault XP
 B = Vault XP
 C = Vault XP percentage of total XP
 D = Non-vault monster count
 E = Vault monster count
 F = Vault count percentage of total count
                 A         B        C        D         E       F
            +---------+---------+-------+---------+---------+-------
      Total |     926 |     185 |  16.7 |      76 |       4 |   5.0
            +---------+---------+-------+---------+---------+-------
        D:1 |      36 |       0 |   0.0 |      17 |       0 |   0.0
        D:2 |      72 |      21 |  22.6 |      18 |       1 |   5.3
        D:3 |      39 |      35 |  47.3 |      17 |       2 |  10.5
        D:4 |     359 |     129 |  26.4 |      14 |       1 |   6.7
        D:5 |     420 |       0 |   0.0 |      10 |       0 |   0.0
            +---------+---------+-------+---------+---------+-------
